 Dungeon Crawl Stone Soup version 0.28-a0-1130-gc51a68064b (webtiles) character file.

Game seed: 16166524613437787938

112 Redcow54321 the Covert (level 4, 0/41 HPs)
             Began as a Gnoll Delver on Dec 13, 2021.
             Slain by a water moccasin (6 damage)
             ... on level 7 of the Dungeon.
             The game lasted 00:01:51 (627 turns).

Redcow54321 the Covert (Gnoll Delver)                Turns: 627, Time: 00:01:52

Health: 0/41       AC:  3    Str: 13    XL:     4   Next: 95%
Magic:  5/5        EV: 13    Int: 10    God:
Gold:   10         SH:  0    Dex: 13    Spells: 5/5 levels left

rFire   . . .      SeeInvis .   a - +0 falchion
rCold   . . .      Faith    .   (no shield)
rNeg    . . .      Spirit   .   b - +0 leather armour
rPois   .          Reflect  .   (no helmet)
rElec   .          Harm     .   (no cloak)
rCorr   .          Rampage  .   (no gloves)
Will    .....                   (no boots)
Stlth   ++++......              (no amulet)
HPRegen 0.13/turn               (no ring)
MPRegen 0.09/turn               (no ring)

@: no status effects
A: fangs 1, strong nose, distributed training
a: no special abilities


You were on level 7 of the Dungeon.
You visited 1 branch of the dungeon, and saw 3 of its levels.

You collected 10 gold pieces.

Inventory:

Hand Weapons
 a - a +0 falchion (weapon)
Armour
 b - a +0 leather armour (worn)
Wands
 g - a wand of digging (3)
Scrolls
 c - a scroll of fog
 d - a scroll of magic mapping
 e - a scroll of fear
Potions
 f - a potion of haste
 h - a potion of curing {unknown}


   Skills:
 + Level 6.6 Fighting
 + Level 1.2 Short Blades
 + Level 4.7 Long Blades
 + Level 1.2 Axes
 + Level 1.2 Maces & Flails
 + Level 1.2 Polearms
 + Level 1.2 Staves
 + Level 1.2 Slings
 + Level 1.2 Bows
 + Level 1.2 Crossbows
 + Level 1.2 Throwing
 + Level 1.2 Armour
 + Level 4.7 Dodging
 + Level 9.6 Stealth
 + Level 1.2 Shields
 + Level 1.2 Unarmed Combat
 + Level 1.2 Spellcasting
 + Level 1.0 Conjurations
 + Level 1.0 Hexes
 + Level 1.0 Summonings
 + Level 1.0 Necromancy
 + Level 1.0 Translocations
 + Level 1.0 Transmutations
 + Level 1.0 Fire Magic
 + Level 1.0 Ice Magic
 + Level 1.0 Air Magic
 + Level 1.0 Earth Magic
 + Level 1.0 Poison Magic
 + Level 1.4 Invocations
 + Level 1.2 Evocations


You had 5 spell levels left.
You didn't know any spells.
Your spell library was empty.

Dungeon Overview and Level Annotations

Branches:
Dungeon (7/15)
 Temple: D:4-7

Altars:

Shops:
D:5 :


Innate Abilities, Weirdness & Mutations

You have very sharp teeth.
Your uncanny sense of smell can sniff out nearby items.
Your experience applies equally to all skills.


Message History

A black bear is nearby!
Found a long sword.
An ice beast comes into view.
Found a stone staircase leading down.
You see here a +0 long sword.
A water moccasin and a manticore come into view.
The water moccasin hisses angrily.
A bullfrog zombie comes into view.
Found a scroll labelled NEERALETIONY.
The water moccasin misses you.
A white imp comes into view.
The white imp shouts, "Scamper hence, thou yeasty swag-bellied hugger-mugger!"
You hear a shout! x2
The water moccasin closely misses you. The water moccasin bites you.
The bullfrog zombie hits you. The water moccasin barely misses you.
The bullfrog zombie hits you.
There is a stone staircase leading down here.
The bullfrog zombie hits you but does no damage.
The water moccasin closely misses you.
You climb downwards.
There is a stone staircase leading up here.
You hit the water moccasin.
The water moccasin is lightly wounded.
The water moccasin misses you. The water moccasin bites you!
You miss the water moccasin.
The water moccasin is lightly wounded.
The water moccasin misses you.
You hit the water moccasin.
You bite the water moccasin, but do no damage.
The water moccasin is lightly wounded.
The water moccasin bites you. The water moccasin closely misses you.
You miss the water moccasin.
The water moccasin is lightly wounded.
The water moccasin bites you.
You closely miss the water moccasin.
The water moccasin is lightly wounded.
The water moccasin bites you!
* * * LOW HITPOINT WARNING * * *
The water moccasin bites you.
You die...

###
#..
#.#
#.#
∆
#.#
#S#
#@#
###


You could see a water moccasin.

Vanquished Creatures
  A water moccasin skeleton (D:6)
  A bullfrog zombie (D:5)
  A centaur skeleton (D:5)
3 creatures vanquished.

Notes
Turn   | Place    | Note
-------+----------+-------------------------------------------
     0 | D:5      | Reached skill level 9 in Stealth
     0 | D:5      | Redcow54321 the Gnoll Delver began the quest for the Orb.
     0 | D:5      | Reached XP level 1. HP: 23/23 MP: 1/1
    11 | D:6      | HP: 1/23 [water moccasin skeleton (5)]
    14 | D:6      | Reached skill level 1 in Short Blades
    14 | D:6      | Reached skill level 1 in Axes
    14 | D:6      | Reached skill level 1 in Maces & Flails
    14 | D:6      | Reached skill level 1 in Polearms
    14 | D:6      | Reached skill level 1 in Staves
    14 | D:6      | Reached skill level 1 in Slings
    14 | D:6      | Reached skill level 1 in Bows
    14 | D:6      | Reached skill level 1 in Crossbows
    14 | D:6      | Reached skill level 1 in Throwing
    14 | D:6      | Reached skill level 1 in Armour
    14 | D:6      | Reached skill level 1 in Shields
    14 | D:6      | Reached skill level 1 in Unarmed Combat
    14 | D:6      | Reached skill level 1 in Spellcasting
    14 | D:6      | Reached skill level 1 in Invocations
    14 | D:6      | Reached skill level 1 in Evocations
    14 | D:6      | Reached XP level 2. HP: 2/29 MP: 1/3
    14 | D:6      | Reached XP level 3. HP: 3/35 MP: 1/4
   411 | D:6      | Noticed a black bear
   416 | D:6      | Noticed a sky beast
   424 | D:5      | Noticed a black bear
   424 | D:5      | Found Neebb's Book Emporium.
   434 | D:5      | Reached XP level 4. HP: 33/41 MP: 5/5
   509 | D:5      | Reached skill level 1 in Conjurations
   509 | D:5      | Reached skill level 1 in Hexes
   509 | D:5      | Reached skill level 1 in Summonings
   509 | D:5      | Reached skill level 1 in Necromancy
   509 | D:5      | Reached skill level 1 in Translocations
   509 | D:5      | Reached skill level 1 in Transmutations
   509 | D:5      | Reached skill level 1 in Fire Magic
   509 | D:5      | Reached skill level 1 in Ice Magic
   509 | D:5      | Reached skill level 1 in Air Magic
   509 | D:5      | Reached skill level 1 in Earth Magic
   509 | D:5      | Reached skill level 1 in Poison Magic
   545 | D:5      | Noticed a sky beast
   554 | D:5      | Noticed a sky beast
   611 | D:6      | Noticed an ice beast
   615 | D:6      | Noticed a water moccasin
   615 | D:6      | Noticed a manticore
   627 | D:7      | Slain by a water moccasin

Illustrated notes

Levels and vault maps discovered:
D:5:      layout_basic, mainiacjoe_overflow_alcove_1,
          minmay_temple_entry_butterflies, serial_shops, shop,
          nicolae_shop_overcharged_wands
D:6:      layout_rooms, uniq_edmund
D:7:      layout_basic

Skill      XL: |  1  2  3  4 |
---------------+-------------+-----
Stealth        | |  9.6
Short Blades   | 1 |  1.2
Axes           | 1 |  1.2
Maces & Flails | 1 |  1.2
Polearms       | 1 |  1.2
Staves         | 1 |  1.2
Slings         | 1 |  1.2
Bows           | 1 |  1.2
Crossbows      | 1 |  1.2
Throwing       | 1 |  1.2
Armour         | 1 |  1.2
Shields        | 1 |  1.2
Unarmed Combat | 1 |  1.2
Spellcasting   | 1 |  1.2
Invocations    | 1 |  1.4
Evocations     | 1 |  1.2
Conjurations   | 1 |  1.0
Hexes          | 1 |  1.0
Summonings     | 1 |  1.0
Necromancy     | 1 |  1.0
Translocations | 1 |  1.0
Transmutations | 1 |  1.0
Fire Magic     | 1 |  1.0
Ice Magic      | 1 |  1.0
Air Magic      | 1 |  1.0
Earth Magic    | 1 |  1.0
Poison Magic   | 1 |  1.0
Fighting       | |  6.6
Long Blades    | |  4.7
Dodging        | |  4.7

Action                   |  1- 3 |  4- 6 || total
-------------------------+-------+-------++-------
Melee: Falchion          |    20 |    11 ||    31
       Bite              |     1 |     2 ||     3
 Stab: Sleeping          |     2 |       ||     2
Armor: Leather armour    |     7 |     2 ||     9
Dodge: Dodged            |    18 |    12 ||    30

Table legend: (Time is in decaauts)
 A = Elapsed time spent in this place.
 B = Non-inter-level travel time spent in this place.
 C = Inter-level travel time spent in this place.
 D = Time resting spent in this place.
 E = Time spent auto-exploring this place.
 F = Levels seen in this place.
 G = Mean time per level.
                   A        B        C        D        E       F      G
               +--------+--------+--------+--------+--------+-----+--------+
         Total |    629 |    627 |      2 |    391 |     67 |   3 |  209.7 |
       Dungeon |    629 |    627 |      2 |    391 |     67 |   3 |  209.7 |
               +--------+--------+--------+--------+--------+-----+--------+

Top non-repeatable levels by time:
     D:6: 472 daAuts
     D:5: 152 daAuts
     D:7: 5 daAuts
